 Dungeon Crawl Stone Soup version 0.29.1-15-g9cfb28693d (webtiles) character file.

Game seed: 6807587955718906264

1597 shadowmeld the Thaumaturge (level 9, -2/59 HPs)
             Began as a Djinni Fire Elementalist on Apr 20, 2023.
             Was an Initiate of Ashenzari.
             Slain by a wight
             ... wielding a +3 war axe
              (7 damage)
             ... on level 7 of the Dungeon.
             The game lasted 00:29:06 (8469 turns).

shadowmeld the Thaumaturge (DjFE)                   Turns: 8469, Time: 00:29:07

Health: -2/59      AC:  6    Str:  7    XL:     9   Next: 15%
Gold:   190        EV: 13    Int: 21    God:    Ashenzari [......] SH:  0 Dex: 20

rFire   + + .      SeeInvis +   t - +2 flail (venom)
rCold   x . .      Faith    .   (no shield)
rNeg    . . .      Spirit   .   f - +1 leather armour {rPois}
rPois   ∞          Reflect  .   c - +0 helmet {SInv}
rElec   .          Harm     .   m - +0 cloak of the Wild Blue Yonder {Evo, Fort} (curse)
rCorr   .          Rampage  .   (no gloves)
Will    +....                   (boots unavailable)
Stlth   ++........              (no amulet)
HPRegen 0.19/turn               s - ring of willpower
MPRegen 0.00/turn               j - +6 ring of dexterity

@: about to teleport, flying
A: sickness immunity, fire resistance 2, cold vulnerability 1, float, innate
caster, HP casting, extra vitality 1
a: Renounce Religion, Shatter the Chains


You were on level 7 of the Dungeon.
You worshipped Ashenzari.
Ashenzari was noncommittal.
You visited 2 branches of the dungeon, and saw 8 of its levels.
You also visited: Ossuary.

You collected 377 gold pieces.
You spent 187 gold pieces at shops.

Inventory:

Hand Weapons
 t - a +2 flail of venom (weapon)
Armour
 c - a +0 helmet of see invisible (worn)
 f - a +1 leather armour of poison resistance (worn)
 g - a +0 cloak
 m - the cursed +0 cloak of the Wild Blue Yonder (worn) {Evo, Fort}
   (You found it on level 2 of the Dungeon)

   It has a curse which improves the following skills: Evocations: Evocations.
   Fortitude: Armour and Shields.
Jewellery
 j - a +6 ring of dexterity (right hand)
 s - a ring of willpower (left hand)
Wands
 C - a wand of polymorph (5)
Scrolls
 d - a scroll of fog {unknown}
 e - 3 scrolls of fear {unknown}
 h - a scroll of brand weapon {unknown}
 k - 6 scrolls of amnesia
 o - 2 scrolls of enchant weapon {unknown}
 p - 2 scrolls of vulnerability {unknown}
 q - 5 scrolls of teleportation
 v - 2 scrolls of noise {unknown}
 y - a scroll of poison {unknown}
 z - a scroll of summoning {unknown}
 A - 2 scrolls of blinking {unknown}
 B - a scroll of enchant armour {unknown}
Potions
 a - a potion of heal wounds {unknown}
 b - a potion of haste {unknown}
 i - 3 potions of lignification
 l - 9 potions of curing
 n - a potion of cancellation {unknown}
 r - a potion of brilliance {unknown}
 u - 2 potions of berserk rage
 w - 2 potions of mutation {unknown}
 x - a potion of might {unknown}
 D - a potion of invisibility {unknown}


   Skills:
 * Level 2.6 Fighting
 + Level 1.7(2.1) Armour
 + Level 3.4 Dodging
 - Level 2.0 Stealth
 * Level 8.0 Spellcasting


You had one spell level left.
You knew the following spells:

 Your Spells              Type           Power      Damage    Failure   Level
a - Foxfire               Conj/Fire      100%       2x1d9     1%          1
b - Scorch                Fire           84%        2d9       1%          2
c - Conjure Flame         Conj/Fire      42%        6-21      1%          3
d - Inner Flame           Hex/Fire       42%        N/A       1%          3
e - Flame Wave            Conj/Fire      42%        2d11      4%          4
f - Sandblast             Erth           84%        2d18      1%          1
g - Searing Ray           Conj           84%        2d7       1%          2
h - Teleport Other        Tloc           42%        N/A       1%          3
i - Sticky Flame          Conj/Fire      42%        2d6       4%          4
Your spell library was empty.

Dungeon Overview and Level Annotations

Branches:
Dungeon (7/15)             Temple (1/1) D:4         Ossuary (visited)

Altars:
Ashenzari
Cheibriados
Dithmenos
Elyvilon
Fedhas
Makhleb
Nemelex Xobeh
Qazlal
Ru
Trog
Uskayaw
Wu Jian
Yredelemnul
Zin
The Shining One

Shops:
D:4 :   D:6 [


Innate Abilities, Weirdness & Mutations

You are immune to sickness and miasma.
You are immune to poison.
Your flesh is very heat resistant. (rF++)
You are vulnerable to cold. (rC-)
You float through the air rather than walking.
You learn spells naturally, not from books.
Your magical power is your life essence.
You have superior vitality. (+4 MHP)


Message History

The wight hits you with a +2 hand axe.
Casting: Scorch (safe; 1% risk of failure)
Confirm with . or Enter, or press ? or * to list all spells.
Flames lash the orc.
You kill the orc!
The wight closely misses you.
Casting: Scorch (safe; 1% risk of failure)
Confirm with . or Enter, or press ? or * to list all spells.
Flames lash the wight.
The wight is lightly damaged.
The wight's fire resistance burns away.
The wight barely misses you.
Casting: Scorch (safe; 1% risk of failure)
Confirm with . or Enter, or press ? or * to list all spells.
Flames lash the wight.
The wight is burned terribly!
The wight is moderately damaged.
The wight misses you.
Casting: Scorch (safe; 1% risk of failure)
Confirm with . or Enter, or press ? or * to list all spells.
Flames lash the wight but do no damage.
The wight is no longer more vulnerable to fire.
The wight barely misses you. The wight hits you with a +3 war axe.
Casting: Scorch (safe; 1% risk of failure)
Confirm with . or Enter, or press ? or * to list all spells.
Flames lash the wight.
The wight is heavily damaged.
The wight's fire resistance burns away.
* * * LOW HITPOINT WARNING * * *
The wight barely misses you. The wight closely misses you.
You feel better. The wight barely misses you.
The wight hits you with a +3 war axe! The wight attacks as you move away!
The wight hits you with a +2 hand axe!
* * * LOW HITPOINT WARNING * * *
The wight is no longer more vulnerable to fire.
As you read the scroll of teleportation, it crumbles to dust.
You feel strangely unstable. The wight hits you with a +2 hand axe.
* * * LOW HITPOINT WARNING * * *
The wight hits you with a +3 war axe.
* * * LOW HITPOINT WARNING * * *
The wight attacks as you move away! The wight hits you with a +3 war axe!
You die...

#..........
#..<.......
##.........
##..........
##..#........
######..###.......
# #......##
#...... #..
##....<## #....#
#..#######z@...#
...##
##.......)oz###.#
.## #......☼)§.##
### ....../##...#
......o ##..#
.....o. #..#
....... ##..#
....... #..#
#....o. #..#


You could see 2 wights and an orc.

Vanquished Creatures
  An orc warrior (D:6)
  2 black bears
  3 phantoms
  A bullfrog (D:6)
  A scorpion (D:4)
  A wight (D:7)
  4 water moccasin zombies (Ossuary)
  A hound (D:5)
  5 orc priests
  A jelly (D:4)
  Terence (D:3)
  An iguana (D:4)
  3 orc wizards
  3 mummies
  9 adders
  7 gnolls
  A white imp (D:5)
  An ufetubus (D:4)
  6 adder zombies (Ossuary)
  A worm (D:2)
  The ghost of leafyfresh the Sneak, a weakling OpDe (D:5)
  2 dart slugs (D:2)
  27 orcs
  8 ball pythons
  9 endoplasms
  4 giant cockroaches
  2 gnoll zombies (Ossuary)
  5 goblins
  9 hobgoblins
  7 kobolds
  2 quokkas (D:2)
  8 bats
  3 frilled lizards (D:1)
  A goblin zombie (D:6)
  3 hobgoblin zombies (Ossuary)
  6 kobold zombies
  5 orc zombies (Ossuary)
  2 rats
157 creatures vanquished.

Vanquished Creatures (others)
  2 demonic plants (D:2)
  70 foxfires
  A fungus (D:2)
  A plant (D:2)
74 creatures vanquished.

Grand Total: 231 creatures vanquished

Notes
Turn   | Place    | Note
-------+----------+-------------------------------------------
     0 | D:1      | shadowmeld the Djinni Fire Elementalist began the quest for
                  | the Orb.
     0 | D:1      | shadowmeld set off with the following spells memorised:
                  | Foxfire, Scorch, Conjure Flame, Inner Flame, Flame Wave.
     0 | D:1      | Reached XP level 1. HP: 15/15 MP: 0/0
   346 | D:1      | Reached XP level 2. HP: 15/21 MP: 0/0
   970 | D:1      | Reached XP level 3. HP: 19/25 MP: 0/0
   970 | D:1      | Learned a level 1 spell: Sandblast
  1454 | D:2      | Reached skill level 3 in Spellcasting
  1503 | D:2      | Found a bloodstained altar of Trog.
  1602 | D:2      | Reached XP level 4. HP: 26/31 MP: 0/0
  1616 | D:2      | Found a faded altar of an unknown god.
  2900 | D:3      | Noticed Terence
  2909 | D:3      | Killed Terence
  2910 | D:3      | Reached skill level 4 in Spellcasting
  2910 | D:3      | Reached XP level 5. HP: 24/35 MP: 0/0
  2910 | D:3      | Learned a level 2 spell: Searing Ray
  3806 | D:3      | Reached XP level 6. HP: 36/41 MP: 0/0
  3846 | D:3      | Found a glowing golden altar of the Shining One.
  3962 | D:3      | Became a worshipper of the Shining One
  4393 | D:4      | Reached skill level 1 in Fighting
  4393 | D:4      | Reached skill level 5 in Spellcasting
  4398 | D:4      | Reached XP level 7. HP: 19/47 MP: 0/0
  4398 | D:4      | Learned a level 3 spell: Teleport Other
  4681 | D:4      | Found a staircase to the Ecumenical Temple.
  4726 | Temple   | Entered the Ecumenical Temple
  5240 | D:4      | Found Seme's Self-Improvement Boutique.
  5768 | D:5      | Entered Level 5 of the Dungeon
  5778 | D:5      | Reached skill level 6 in Spellcasting
  6008 | D:5      | Identified the +7 long sword of Leeneoc {vorpal, rN+ Dex+4
                  | Stlth+}
  6039 | D:5      | Reached * piety under the Shining One
  6045 | D:5      | Reached skill level 1 in Armour
  6045 | D:5      | Reached XP level 8. HP: 48/54 MP: 0/0
  6093 | D:5      | Found a runed translucent door.
  6098 | D:5      | Noticed leafyfresh's ghost (weakling OpDe)
  6415 | D:5      | Found a broken altar of Ashenzari.
  6429 | D:5      | Fell from the grace of the Shining One
  6429 | D:5      | Became a worshipper of Ashenzari the Shackled
  6599 | D:5      | Killed leafyfresh's ghost
  6839 | D:6      | Found a sand-covered staircase.
  6845 | Ossuary  | Entered an ossuary
  7138 | Ossuary  | Reached skill level 7 in Spellcasting
  7823 | D:6      | Found Evez's Antique Armour Boutique.
  7854 | D:6      | Bought a runed helmet for 187 gold pieces
  7885 | D:6      | Reached XP level 9. HP: 56/59 MP: 0/0
  7885 | D:6      | Learned a level 4 spell: Sticky Flame
  7980 | D:6      | Found a shadowy altar of Dithmenos.
  8459 | D:7      | Reached skill level 8 in Spellcasting
  8469 | D:7      | Slain by a wight

Illustrated notes

Levels and vault maps discovered:
D:1:      wander_arrival_chamber, layout_basic, minmay_misc_feat_secret_circle
D:2:      layout_loops_cross, shapermc_ecumenical_altar_gd, basic_altar,
          minmay_misc_feat_enclosed
D:3:      minmay_inner_zag, layout_basic, nicolae_tso_swordbearing_angel,
          uniq_terence
D:4:      layout_cave_pods, temple_pool_b, nicolae_shop_self_help
D:5:      layout_rooms, cheibrodos_ashenzari_chains,
          hellmonk_ghost_happy_afterlife
D:6:      layout_basic, nicolae_dithmenos_the_darkroom,
          nicolae_ossuary_entry_giza, serial_shops, nicolae_shop_hallway_plus
D:7:      lemuel_bear_cage, layout_cave_pods, overflow_temple_1_default,
          uniq_prince_ribbit1, uniq_joseph, uniq_menkaure
Temple:   eino_narrow_crystal_temple

Skill      XL: |  1  2  3  4  5  6  7  8  9 |
---------------+----------------------------+-----
Spellcasting   | 3 4 5 6 7 8 |  8.0
Stealth        | 2 |  2.0
Fighting       | 1 2 |  2.6
Armour         | 1 |  1.7
Dodging        | 3 |  3.4

Action                   |  1- 3 |  4- 6 |  7- 9 || total
-------------------------+-------+-------+-------++-------
Melee: Unarmed           |     4 |       |       ||     4
       Flail             |       |       |     1 ||     1
 Cast: Foxfire           |    42 |     3 |       ||    45
       Scorch            |    10 |    38 |   120 ||   168
       Searing Ray       |       |    19 |    10 ||    29
       Conjure Flame     |       |       |     5 ||     5
       Sandblast         |       |       |     6 ||     6
Invok: Curse Item        |       |       |     1 ||     1
  Use: Scroll            |       |     4 |     5 ||     9
       Potion            |       |       |     1 ||     1
Armor: Robe              |     1 |       |       ||     1
       Leather armour    |       |     2 |    15 ||    17
Dodge: Dodged            |     7 |     6 |    25 ||    38
